AoeStats
← tapaswithtitus

Arena

510314742Analyzed
4v4 RM · 3d ago on Sep 30, 2026· 48m 13s· 8 players
Game mode
Random Map
Map size
Large (8 player)
Population
200
Speed
Normal
Resources
Standard
Victory
Conquest
Starting age
Dark Age
Ending age
Imperial Age
RankedLock teamsTeams togetherTeam positionsShared explorationLock speedFull tech treeHidden civsTurbo modeCheats
Victory
Defeat
🇹🇼 Bohemians · Taiwan
1325
+12
🇹🇼 Poles · Taiwan
1271
+14
🇹🇼 Mongols · Taiwan
1262
+14
🇹🇼 Persians · Taiwan
1240
+15
🇦🇺 Dravidians · Australia
1310
-16
🇨🇳 Varangians · China
1230
-14
🇦🇺 Maya · Australia
1196
-13
🇦🇺 Celts · Australia
1180
-12
tapaswithtitus
10:34 Feudal Age
14:42 Castle Age
14:46 Double-Bit Axe
15:09 Loom
15:31 Scale Mail Armor
15:55 Bow Saw
16:33 Town Watch
17:23 Wheelbarrow
16:38 Horse Collar
22:38 Fletching
23:48 Scale Barding Armor
27:35 Devotion
28:13 Chain Barding Armor
28:52 Husbandry
29:02 Bloodlines
32:10 Bodkin Arrow
32:25 Forging
31:49 Vendel Legacy
39:40 Iron Casting
43:36 Light Cavalry
45:00 Elite Skirmisher
Stophles
0:30 Loom
10:55 Feudal Age
15:06 Castle Age
13:11 Double-Bit Axe
13:43 Fletching
13:34 Horse Collar
15:09 Crossbowman
22:57 Bodkin Arrow
25:51 Thumb Ring
26:53 Wheelbarrow
27:05 Padded Archer Armor
28:54 Leather Archer Armor
34:31 Imperial Age
32:19 Hand Cart
35:25 Bracer
35:56 Ring Archer Armor
35:00 Arbalester
36:19 Ballistics
36:59 Chemistry
37:42 Man-at-Arms
37:44 Pikeman
39:49 Scale Mail Armor
41:07 Onager
BrokeMate
10:58 Feudal Age
11:39 Loom
15:16 Castle Age
13:39 Double-Bit Axe
25:05 Wheelbarrow
24:50 Bow Saw
24:23 Horse Collar
26:54 Gold Mining
27:22 Hand Cart
27:50 Heavy Plow
31:28 Imperial Age
29:08 Fletching
29:19 Padded Archer Armor
29:41 Ballistics
29:32 Fortified Wall
29:44 Town Watch
29:56 Bodkin Arrow
31:03 Leather Archer Armor
30:19 Pikeman
30:59 Squires
31:27 Thumb Ring
31:31 Elite Elephant Archer
33:37 Bracer
35:02 Ring Archer Armor
36:09 Chemistry
35:54 Stone Mining
35:37 Halberdier
36:56 Scale Mail Armor
37:23 Town Patrol
37:37 Forging
39:22 Medical Corps
40:45 Chain Mail Armor
41:05 Iron Casting
40:52 Wootz Steel
Bananananna8
10:22 Feudal Age
12:20 Loom
12:45 Double-Bit Axe
15:10 Castle Age
13:31 Horse Collar
16:57 Scale Mail Armor
18:09 Bow Saw
17:44 Man-at-Arms
19:52 Gambesons
23:25 Wheelbarrow
24:38 Heavy Plow
27:13 Gold Mining
29:22 Fortified Wall
29:18 Pikeman
31:04 Forging
33:43 Imperial Age
31:43 Chain Mail Armor
32:31 Iron Casting
32:52 Fletching
38:36 Arson
Not.MbL
10:39 Feudal Age
14:09 Castle Age
12:37 Double-Bit Axe
12:33 Horse Collar
21:27 Bow Saw
23:12 Wheelbarrow
25:08 Hand Cart
24:54 Gold Mining
25:32 Stone Mining
26:17 Heavy Plow
29:33 Imperial Age
27:47 Gold Shaft Mining
27:48 Stone Shaft Mining
28:21 Stone Shaft Mining
28:17 Scale Barding Armor
28:23 Forging
28:27 Bloodlines
28:57 Bloodlines
28:47 Husbandry
29:15 Cavalier
30:49 Chain Barding Armor
31:05 Iron Casting
30:30 Town Watch
30:31 Loom
33:18 Crop Rotation
34:45 Blast Furnace
36:07 Plate Barding Armor
36:37 Ballistics
37:18 Chemistry
36:23 Savar
37:14 Town Patrol
43:49 Conscription
43:40 Murder Holes
43:57 Masonry
Not.Liereyy
10:36 Feudal Age
14:58 Castle Age
12:47 Double-Bit Axe
12:52 Horse Collar
14:49 Loom
15:53 Bow Saw
31:17 Wheelbarrow
33:07 Fletching
36:44 Imperial Age
35:04 Wagenburg Tactics
35:42 Town Watch
37:48 Conscription
39:19 Town Patrol
40:50 Elite Hussite Wagon
41:36 Bodkin Arrow
42:51 Bracer
42:51 Padded Archer Armor
45:06 Chemistry
46:42 Ballistics
48:44 Siege Engineers
Not.Hera
10:10 Feudal Age
11:37 Double-Bit Axe
14:29 Castle Age
13:02 Horse Collar
15:40 Bow Saw
20:22 Heavy Plow
21:01 Wheelbarrow
22:27 Gold Mining
22:33 Stone Mining
26:58 Imperial Age
24:13 Loom
24:14 Town Watch
25:23 Fletching
26:33 Ballistics
26:09 Bodkin Arrow
27:13 Scale Barding Armor
27:34 Hand Cart
27:19 Town Patrol
28:21 Bracer
29:37 Siege Engineers
30:40 Padded Archer Armor
30:56 Forging
32:18 Chemistry
31:37 Light Cavalry
32:28 Bloodlines
32:18 Husbandry
32:40 Chain Barding Armor
33:12 Stone Shaft Mining
33:33 Leather Archer Armor
35:32 Iron Casting
35:22 Conscription
35:41 Gold Shaft Mining
35:29 Elite Mangudai
40:06 Blast Furnace
38:58 Capped Ram
42:25 Parthian Tactics
42:06 Thumb Ring
42:25 Hussar
46:48 Siege Ram
48:08 Spies/Treason
daddy810223
11:24 Feudal Age
13:17 Double-Bit Axe
15:47 Castle Age
13:30 Horse Collar
16:48 Bow Saw
16:39 Heavy Plow
20:02 Loom
25:33 Wheelbarrow
30:00 Imperial Age
27:48 Hand Cart
28:36 Scale Mail Armor
28:46 Forging
28:35 Gold Mining
28:36 Stone Mining
29:38 Chain Mail Armor
31:08 Iron Casting
31:47 Crop Rotation
31:45 Conscription
31:58 Plate Mail Armor
33:57 Blast Furnace
32:20 Elite Obuch
33:30 Scale Barding Armor
34:01 Elite Obuch
35:50 Lechitic Legacy
35:42 Light Cavalry
36:33 Bloodlines
36:23 Husbandry
36:30 Winged Hussar
38:32 Chain Barding Armor
Connection lost

Rejoining the realm…

Still unreachable

The connection could not be restored.

Session expired

The server has moved on; the page needs a fresh start.